AoeStats
← el__magnicida

Pilgrims

510174115Analyzed
3v3 RM · 4d ago on Sep 29, 2026· 31m 56s· 6 players
Game mode
Random Map
Map size
Normal (6 player)
Population
200
Speed
Normal
Resources
Standard
Victory
Conquest
Starting age
Dark Age
Ending age
Imperial Age
RankedLock teamsTeams togetherTeam positionsShared explorationLock speedFull tech treeHidden civsTurbo modeCheats
Victory
Defeat
🇪🇸 Franks · Spain
796
+9
🇪🇸 Teutons · Spain
661
+14
🇪🇸 Varangians · Spain
653
+14
🇮🇹 Ethiopians · Italy
684
-15
638
-13
🇨🇦 Byzantines · Canada
540
-9
DAZACO
12:01 Feudal Age
14:39 Man-at-Arms
17:08 Double-Bit Axe
22:48 Castle Age
21:58 Arson
22:21 Scale Mail Armor
23:18 Gambesons
23:47 Long Swordsman
24:51 Squires
25:41 Pikeman
26:59 Forging
29:20 Chain Mail Armor
=p | Kabrito Lixerooo
16:33 Feudal Age
20:21 Man-at-Arms
27:38 Castle Age
26:37 Scale Mail Armor
31:30 Wheelbarrow
xdoppiadx
13:15 Feudal Age
13:40 Double-Bit Axe
20:27 Castle Age
18:27 Fishing Lines
21:33 Bow Saw
21:25 Horse Collar
22:49 Wheelbarrow
22:17 Gold Mining
22:38 Town Watch
23:06 Loom
24:04 Hand Cart
25:39 Town Patrol
29:46 Gillnets
30:42 Gold Shaft Mining
RuubenESP
9:12 Feudal Age
12:05 Loom
23:01 Castle Age
21:25 Fletching
el__magnicida
5:33 Loom
15:45 Feudal Age
20:54 Castle Age
20:24 Scale Barding Armor
20:30 Forging
24:38 Double-Bit Axe
27:08 Chain Barding Armor
xerrinho
6:38 Loom
13:19 Feudal Age
27:59 Castle Age
28:46 Bloodlines
Connection lost

Rejoining the realm…

Still unreachable

The connection could not be restored.

Session expired

The server has moved on; the page needs a fresh start.